AoeStats
← Runxi24

Arabia

503978475Analyzed
3v3 RM · 29d ago on Sep 3, 2026· 26m 10s· 6 players
Game mode
Random Map
Map size
Normal (6 player)
Population
200
Speed
Normal
Resources
Standard
Victory
Conquest
Starting age
Dark Age
Ending age
Imperial Age
RankedLock teamsTeams togetherTeam positionsShared explorationLock speedFull tech treeHidden civsTurbo modeCheats
Victory
Defeat
🇦🇹 Franks · Austria
1261
+16
🇨🇴 Persians · Colombia
1253
+16
🇪🇸 Portuguese · Spain
1192
+19
🇨🇳 Jurchens · China
1301
-20
🇹🇼 Vikings · Taiwan
1236
-16
🇳🇿 Aztecs · New Zealand
1216
-15
Rómulo
6:23 Loom
9:15 Feudal Age
9:59 Double-Bit Axe
11:29 Horse Collar
24:13 Castle Age
23:51 Bloodlines
23:47 Scale Barding Armor
23:53 Forging
23:37 Gold Mining
25:00 Husbandry
25:43 Bow Saw
watchYourTown
7:53 Loom
10:12 Feudal Age
11:51 Double-Bit Axe
18:31 Castle Age
17:16 Gold Mining
18:39 Scale Barding Armor
19:08 Forging
21:20 Husbandry
Runxi24
6:52 Loom
9:54 Feudal Age
12:21 Double-Bit Axe
20:32 Fletching
23:16 Wheelbarrow
26:36 Castle Age
24:55 Horse Collar
26:46 Padded Archer Armor
Lancer
9:57 Feudal Age
9:27 Loom
10:27 Double-Bit Axe
11:22 Horse Collar
18:51 Castle Age
17:41 Gold Mining
18:11 Town Watch
18:18 Fletching
19:44 Bow Saw
19:35 Heavy Plow
20:10 Stone Mining
20:31 Pikeman
blu tack
7:57 Loom
10:51 Feudal Age
11:24 Double-Bit Axe
11:37 Horse Collar
12:56 Town Watch
18:24 Wheelbarrow
21:18 Padded Archer Armor
21:09 Fletching
25:49 Castle Age
23:46 Gold Mining
25:30 Scale Mail Armor
25:41 Forging
Hakka
6:45 Loom
9:16 Feudal Age
11:30 Forging
13:59 Double-Bit Axe
14:21 Horse Collar
15:34 Bloodlines
Connection lost

Rejoining the realm…

Still unreachable

The connection could not be restored.

Session expired

The server has moved on; the page needs a fresh start.